Workbook
Name Bond_rating: Data!$M$31:$N$36
Name Econ_chart: Data!$J$13:$N$19
Name Econ_level: Data!$J$22:$J$28
Name Invest_option: Data!$Q$31:$Q$32
Name Land_Builds: Data!$B$13:$F$18
Name Mil_Buildings: Data!$T$3:$T$7
Name MilitaryB_cost: Data!$T$4:$U$7
Name Naval_builds: Data!$B$23:$G$28
Name Ship_size: Data!$B$32:$J$37
Name Ship_types: Data!$B$31:$B$37
Name ShipQlookup: Data!$B$40:$C$45
Name Weapon_Quality: Data!$D$2:$D$8
Name Yes_No: Data!$B$4:$B$6

Sheet Econ
A1: Economía
B2: V2.1
A3: País | B3: La Union | G3: Año: | H3: 1897
A4: Población (millones) | B4: 48.6 | G4: Crec: | H4: Muy rápido
A5: Población Tasable (millones): | B5: =B4-Militar!P12 -> 37.56
A6: Nivel Económico (I.D.H): | B6: Próspero
A7: Ingresos: | G7: Creditos en Vigor | I7: 0
A8: Nacionales: | B8: =(VLOOKUP(B6,Econ_chart,5,FALSE))*B5 -> 356.82 | G8: Pago de Intereses | I8: =I7*J13 -> 0
A9: Colonial/Ferrocarril | B9: =Colonias!C7+Ferrocarriles!D1 -> 76 | H9: Total | I9: =SUM(I7:I8) -> 0
A10: Saldo anterior presupuesto: | B10: 1
A11: Mantenimiento: | B11: =Militar!O12 -> 115
J12: Intereses
G13: Calif. Deuda: | I13: A | J13: 0.15
A15: Balance Neto | B15: =B8+B9+B10-B11 -> 318.82
A18: Recursos
B20: Industria | C20: Comida | D20: Mat Primas | E20: Exóticos | F20: Carbón | G20: Hierro | I20: Tabla de precios
A21: Nacional | B21: 21 | C21: 25 | D21: 8 | E21: 0 | F21: 5 | G21: 5 | K21: Mercado Mundial | M21: Mercado Cautivo
A22: Ultramar | B22: 0 | C22: 0 | D22: 1 | E22: 2 | F22: 0 | G22: 0 | J22: Base $ | K22: Compra | L22: Venta | M22: Compra | N22: Venta
A23: Producción Total: | B23: =SUM(B21:B22) -> 21 | C23: =SUM(C21:C22) -> 25 | D23: =SUM(D21:D22) -> 9 | E23: =SUM(E21:E22) -> 2 | F23: =SUM(F21:F22) -> 5 | G23: =SUM(G21:G22) -> 5 | I23: Bienes | J23: 26 | K23: =J23+(J23*0.3) -> 33.8 | L23: =J23-(J23*0.3) -> 18.2 | M23: =J23-(J23*0.2) -> 20.8 | N23: =J23+(J23*0.2) -> 31.2
A24: Necesidades: | B24: =B4/(VLOOKUP(B6,Econ_chart,2,FALSE)) -> 8.8363636 | C24: =ROUNDUP(B4/(VLOOKUP(B6,Econ_chart,3,FALSE)),0) -> 22 | D24: 0 | E24: =ROUNDUP(B4/(VLOOKUP(B6,Econ_chart,4,FALSE)),0) -> 9 | F24: 0 | G24: 0 | I24: Comida | J24: 10 | K24: =J24+(J24*0.3) -> 13 | L24: =J24-(J24*0.3) -> 7 | M24: =J24-(J24*0.2) -> 8 | N24: =J24+(J24*0.2) -> 12
A25: Balance: | B25: =-B24 -> -8.8363636 | C25: =C21-C24 -> 3 | D25: =D23 -> 9 | E25: =E23-E24 -> -7 | F25: =F23 -> 5 | G25: =G23 -> 5 | I25: Exóticos | J25: 11 | K25: =J25+(J25*0.3) -> 14.3 | L25: =J25-(J25*0.3) -> 7.7 | M25: =J25-(J25*0.2) -> 8.8 | N25: =J25+(J25*0.2) -> 13.2
A26: Exótico en Hawai y China | I26: Mat. Primas | J26: 10 | K26: =J26+(J26*0.3) -> 13 | L26: =J26-(J26*0.3) -> 7 | M26: =J26-(J26*0.2) -> 8 | N26: =J26+(J26*0.2) -> 12
A27: Materia Prima en Alaska | I27: Carbón | J27: 10 | K27: =J27+(J27*0.3) -> 13 | L27: =J27-(J27*0.3) -> 7 | M27: =J27-(J27*0.2) -> 8 | N27: =J27+(J27*0.2) -> 12
I28: Hierro | J28: 10 | K28: =J28+(J28*0.3) -> 13 | L28: =J28-(J28*0.3) -> 7 | M28: =J28-(J28*0.2) -> 8 | N28: =J28+(J28*0.2) -> 12
I29: Petroleo* | J29: 10 | K29: =J29+(J29*0.3) -> 13 | L29: =J29-(J29*0.3) -> 7 | M29: =J29-(J29*0.2) -> 8 | N29: =J29+(J29*0.2) -> 12 | O29: * - No disponible hasta 1905
A31: Recursos en Mercados Cautivos | B31: =Colonias!D6 -> Bienes | C31: =Colonias!E6 -> Comida | D31: =Colonias!F6 -> Mat Primas | E31: =Colonias!G6 -> Exóticos | F31: =Colonias!H6 -> Carbón | G31: =Colonias!I6 -> Hierro
A32: Les compramos | B32: =SUM(Colonias!D7) -> 0 | C32: =SUM(Colonias!E7) -> 0 | D32: =SUM(Colonias!F7) -> 1 | E32: =SUM(Colonias!G7) -> 0 | F32: =SUM(Colonias!H7) -> 0 | G32: =SUM(Colonias!I7) -> 0
A33: Les vendemos | B33: =Colonias!K7 -> 1 | C33: =Colonias!L7 -> 0 | D33: =Colonias!M7 -> 0 | E33: =Colonias!N7 -> 0 | F33: =Colonias!O7 -> 0 | G33: =Colonias!P7 -> 0
A34: Compras no cubiertas | B34: =B32-J51 -> 0 | C34: =C32-K51 -> 0 | D34: =D32-L51 -> 1 | E34: =E32-M51 -> 0 | F34: =F32-N51 -> 0 | G34: =G32-O51 -> 0 | H34: No factorizado automáticamente - deberá ser adquirido en la linea correspondiente de comercio.
A35: Ventas no cubiertas | B35: =B33-B51 -> 1 | C35: =C33-C51 -> 0 | D35: =D33-D51 -> 0 | E35: =E33-E51 -> 0 | F35: =F33-F51 -> 0 | G35: =G33-G51 -> 0 | H35: Si el valor es distinto de cero la demanda no habrá sido cubierta resultando en problemas políticos y/o posibles contracciones del mercado.
A37: Comercio y producción
B39: (Exportaciones/Ventas/Envíos) | J39: (Importaciones/Compras/Recepciones)
A40: País | B40: Bienes | C40: Comida | D40: Mat Primas | E40: Exóticos | F40: Carbón | G40: Hierro | H40: Efectivo | J40: Bienes | K40: Comida | L40: Mat Primas | M40: Exóticos | N40: Carbón | O40: Hierro | P40: Efectivo
A42: México (no definido) | B42: 2 | H42: 62 | L42: 4 | M42: 2 | P42: 44
A43: Hawai (no definido) | H43: 11 | M43: 1
A44: Colombia (no definido) | B44: 1 | H44: 33 | M44: 3 | P44: 24
A51: Mercados Cautivos | H51: =-((J51*M23)+(K51*M24)+(L51*M26)+(M51*M25)+(N51*M27)+(O51*M28)) -> 0 | P51: =(B51*N23)+(C51*N24)+(D51*N26)+(E51*N25)+(F51*N27)+(G51*N28) -> 0
A52: Mercado Mundial | H52: =-((J52*K23)+(K52*K24)+(L52*K26)+(M52*K25)+(N52*K27)+(O52*K28)) -> 0 | P52: =-((B52*L23)+(C52*L24)+(D52*L26)+(E52*L25)+(F52*L27)+(G52*L28)) -> 0
A53: Total | B53: =SUM(B41:B52) -> 3 | C53: =SUM(C41:C52) -> 0 | D53: =SUM(D41:D52) -> 0 | E53: =SUM(E41:E52) -> 0 | F53: =SUM(F41:F52) -> 0 | G53: =SUM(G41:G52) -> 0 | H53: =SUM(H51:H52)-SUM(H41:H50) -> -106 | I53: Total | J53: =SUM(J41:J52) -> 0 | K53: =SUM(K41:K52) -> 0 | L53: =SUM(L41:L52) -> 4 | M53: =SUM(M41:M52) -> 6 | N53: =SUM(N41:N52) -> 0 | O53: =SUM(O41:O52) -> 0 | P53: =SUM(P41:P51)-P52 -> 68
B55: =Colonias!D32 -> 0 | C55: =Colonias!E32 -> 0 | D55: =Colonias!F32 -> 0 | E55: =Colonias!G32 -> 0 | F55: =Colonias!H32 -> 0 | G55: =Colonias!I32 -> 0 | H55: Balance
A56: Balance de recursos | B56: =B25-B53+J53 -> -11.836364 | C56: =C25-C53+K53 -> 3 | D56: =D25-D53+L53 -> 13 | E56: =E25-E53+M53 -> -1 | F56: =F25-F53+N53 -> 5 | G56: =G25-G53+O53 -> 5 | H56: =B15+H53+P53 -> 280.82
A59: Producción de Bienes | B59: Bienes/IP | C59: Comida | D59: Mat Primas | E59: Exóticos | F59: Carbón | G59: Hierro | H59: Efectivo | I59: Industria
A60: Usando 1 Ind + 1 Mat Prima | D60: =B60 -> 0 | I60: =B60 -> 0
A61: Usando 2 Ind + 1 Carbón + 1 Hiero | F61: =B61 -> 0 | G61: =B61 -> 0 | I61: =B61*2 -> 0
A62: 1 Industria Pesada (IP) = 1 Ind+1 Hierro+ 1 Carbón | F62: =B62 -> 0 | G62: =B62 -> 0 | I62: =B62 -> 0
A63: Exóticos = 1 Ind + 6 $ | E63: 0 | H63: =E63*6 -> 0 | I63: =E63 -> 0
A64: Balance | B64: =B56+B60+(B61*2) -> -11.836364 | C64: =C56 -> 3 | D64: =D56-D60 -> 13 | E64: =E63+E56 -> -1 | F64: =F56-F61-F62 -> 5 | G64: =G56-G61-G62 -> 5 | H64: =H56-H63 -> 280.82 | I64: =B23-I60-I61-I62-I63 -> 21
A66: Gastos
A68: Inversiones en recursos
A69: Inversión | B69: Coste | C69: % Base | D69: ¿Invertir? | E69: % Increm. | F69: Probabilidad de éxito | G69: Coste | H69: ¿FFCC?
A71: Industria | B71: 50 | C71: 0.33 | D71: No | E71: =IF(H71="Si",0.4,0.33) -> 0.33 | F71: =IF(D71="Si",(IF((C71+E71)>1,1,(C71+E71)))," ") | G71: =IF(D71="Continue",5,(IF(D71="Si",(IF((C71+E71)>1,5,B71))," "))) | H71: No
A72: Industria | B72: 55 | C72: 0 | D72: No | E72: =IF(H72="Si",0.4,0.33) -> 0.33 | F72: =IF(D72="Si",(IF((C72+E72)>1,1,(C72+E72)))," ") | G72: =IF(D72="Continue",5,(IF(D72="Si",(IF((C72+E72)>1,5,B72))," "))) | H72: No
A73: Industria | B73: 50 | C73: 0 | D73: No | E73: =IF(H73="Si",0.4,0.33) -> 0.33 | F73: =IF(D73="Si",(IF((C73+E73)>1,1,(C73+E73)))," ") | G73: =IF(D73="Continue",5,(IF(D73="Si",(IF((C73+E73)>1,5,B73))," "))) | H73: No
A74: Industria | B74: 50 | C74: 0 | D74: No | E74: =IF(H74="Si",0.4,0.33) -> 0.33 | F74: =IF(D74="Si",(IF((C74+E74)>1,1,(C74+E74)))," ") | G74: =IF(D74="Continue",5,(IF(D74="Si",(IF((C74+E74)>1,5,B74))," "))) | H74: No
A75: Comida | B75: 60 | C75: 0 | D75: No | E75: =IF(H75="Si",0.4,0.33) -> 0.33 | F75: =IF(D75="Si",(IF((C75+E75)>1,1,(C75+E75)))," ") | G75: =IF(D75="Continue",5,(IF(D75="Si",(IF((C75+E75)>1,5,B75))," "))) | H75: No
A76: Comida | B76: 60 | C76: 0 | D76: No | E76: =IF(H76="Si",0.4,0.33) -> 0.33 | F76: =IF(D76="Si",(IF((C76+E76)>1,1,(C76+E76)))," ") | G76: =IF(D76="Continue",5,(IF(D76="Si",(IF((C76+E76)>1,5,B76))," "))) | H76: No
A77: Comida | B77: 60 | C77: 0 | D77: No | E77: =IF(H77="Si",0.4,0.33) -> 0.33 | F77: =IF(D77="Si",(IF((C77+E77)>1,1,(C77+E77)))," ") | G77: =IF(D77="Continue",5,(IF(D77="Si",(IF((C77+E77)>1,5,B77))," "))) | H77: No
A78: Carbón | B78: 60 | C78: 0 | D78: No | E78: =IF(H78="Si",0.4,0.33) -> 0.33 | F78: =IF(D78="Si",(IF((C78+E78)>1,1,(C78+E78)))," ") | G78: =IF(D78="Continue",5,(IF(D78="Si",(IF((C78+E78)>1,5,B78))," "))) | H78: No
A79: Carbón | B79: 60 | C79: 0 | D79: No | E79: =IF(H79="Si",0.4,0.33) -> 0.33 | F79: =IF(D79="Si",(IF((C79+E79)>1,1,(C79+E79)))," ") | G79: =IF(D79="Continue",5,(IF(D79="Si",(IF((C79+E79)>1,5,B79))," "))) | H79: No
A80: Hierro | B80: 70 | C80: 0 | D80: No | E80: =IF(H80="Si",0.4,0.33) -> 0.33 | F80: =IF(D80="Si",(IF((C80+E80)>1,1,(C80+E80)))," ") | G80: =IF(D80="Continue",5,(IF(D80="Si",(IF((C80+E80)>1,5,B80))," "))) | H80: No
A81: Hierro | B81: 70 | C81: 0 | D81: No | E81: =IF(H81="Si",0.4,0.33) -> 0.33 | F81: =IF(D81="Si",(IF((C81+E81)>1,1,(C81+E81)))," ") | G81: =IF(D81="Continue",5,(IF(D81="Si",(IF((C81+E81)>1,5,B81))," "))) | H81: No
A82: Mat Primas | B82: 55 | C82: 0 | D82: No | E82: =IF(H82="Si",0.4,0.33) -> 0.33 | F82: =IF(D82="Si",(IF((C82+E82)>1,1,(C82+E82)))," ") | G82: =IF(D82="Continue",5,(IF(D82="Si",(IF((C82+E82)>1,5,B82))," "))) | H82: No
B83: =IF(A83="","",VLOOKUP(A83,Colonias!$B$17:$E$22,4,FALSE)) | C83: =IF(A83="",0,VLOOKUP(A83,Colonias!$B$17:$F$22,5,FALSE)) -> 0 | D83: No | E83: =IF(H83="Si",0.4,0.33) -> 0.33 | F83: =IF(D83="Si",(IF((C83+E83)>1,1,(C83+E83)))," ") | G83: =IF(D83="Continue",5,(IF(D83="Si",(IF((C83+E83)>1,5,B83))," "))) | H83: =IF(A83="","No",VLOOKUP(A83,Colonias!$B$17:$G$22,6,FALSE)) -> No
B84: =IF(A84="","",VLOOKUP(A84,Colonias!$B$17:$E$22,4,FALSE)) | C84: =IF(A84="",0,VLOOKUP(A84,Colonias!$B$17:$F$22,5,FALSE)) -> 0 | D84: No | E84: =IF(H84="Si",0.4,0.33) -> 0.33 | F84: =IF(D84="Si",(IF((C84+E84)>1,1,(C84+E84)))," ") | G84: =IF(D84="Continue",5,(IF(D84="Si",(IF((C84+E84)>1,5,B84))," "))) | H84: =IF(A84="","No",VLOOKUP(A84,Colonias!$B$17:$G$22,6,FALSE)) -> No
B85: =IF(A85="","",VLOOKUP(A85,Colonias!$B$17:$E$22,4,FALSE)) | C85: =IF(A85="",0,VLOOKUP(A85,Colonias!$B$17:$F$22,5,FALSE)) -> 0 | D85: No | E85: =IF(H85="Si",0.4,0.33) -> 0.33 | F85: =IF(D85="Si",(IF((C85+E85)>1,1,(C85+E85)))," ") | G85: =IF(D85="Continue",5,(IF(D85="Si",(IF((C85+E85)>1,5,B85))," "))) | H85: =IF(A85="","No",VLOOKUP(A85,Colonias!$B$17:$G$22,6,FALSE)) -> No
B86: =IF(A86="","",VLOOKUP(A86,Colonias!$B$17:$E$22,4,FALSE)) | C86: =IF(A86="",0,VLOOKUP(A86,Colonias!$B$17:$F$22,5,FALSE)) -> 0 | D86: No | E86: =IF(H86="Si",0.4,0.33) -> 0.33 | F86: =IF(D86="Si",(IF((C86+E86)>1,1,(C86+E86)))," ") | G86: =IF(D86="Continue",5,(IF(D86="Si",(IF((C86+E86)>1,5,B86))," "))) | H86: =IF(A86="","No",VLOOKUP(A86,Colonias!$B$17:$G$22,6,FALSE)) -> No
B87: =IF(A87="","",VLOOKUP(A87,Colonias!$B$17:$E$22,4,FALSE)) | C87: =IF(A87="",0,VLOOKUP(A87,Colonias!$B$17:$F$22,5,FALSE)) -> 0 | D87: No | E87: =IF(H87="Si",0.4,0.33) -> 0.33 | F87: =IF(D87="Si",(IF((C87+E87)>1,1,(C87+E87)))," ") | G87: =IF(D87="Continue",5,(IF(D87="Si",(IF((C87+E87)>1,5,B87))," "))) | H87: =IF(A87="","No",VLOOKUP(A87,Colonias!$B$17:$G$22,6,FALSE)) -> No
F88: Total | G88: =SUM(G71:G87) -> 0
A89: Inversiones infraestructuras
A90: FFCC | B90: Coste | C90: Años | D90: ¿Invertir? | E90: IP | F90: Coste
B91: =IF(A91="","",VLOOKUP(A91,Ferrocarriles!$G$5:$I$9,2,FALSE)) | C91: =IF(A91="","",VLOOKUP(A91,Ferrocarriles!$G$5:$I$9,3,FALSE)) | D91: No | E91: =IF(D91="Si",1,0) -> 0 | F91: =IF(D91="Si",B91,0) -> 0
B92: =IF(A92="","",VLOOKUP(A92,Ferrocarriles!$G$5:$I$9,2,FALSE)) | C92: =IF(A92="","",VLOOKUP(A92,Ferrocarriles!$G$5:$I$9,3,FALSE)) | D92: No | E92: =IF(D92="Si",1,0) -> 0 | F92: =IF(D92="Si",B92,0) -> 0
B93: =IF(A93="","",VLOOKUP(A93,Ferrocarriles!$G$5:$I$9,2,FALSE)) | C93: =IF(A93="","",VLOOKUP(A93,Ferrocarriles!$G$5:$I$9,3,FALSE)) | D93: No | E93: =IF(D93="Si",1,0) -> 0 | F93: =IF(D93="Si",B93,0) -> 0
B94: =IF(A94="","",VLOOKUP(A94,Ferrocarriles!$G$5:$I$9,2,FALSE)) | C94: =IF(A94="","",VLOOKUP(A94,Ferrocarriles!$G$5:$I$9,3,FALSE)) | D94: No | E94: =IF(D94="Si",1,0) -> 0 | F94: =IF(D94="Si",B94,0) -> 0
D95: Total | E95: =SUM(E91:E94) -> 0 | F95: =SUM(F91:F94) -> 0
E96: =IF(E95>B62,"Need to build more HI points to complete this investment(s)"," ")
A98: Inversiones otros paises (Necesario el permiso del país soberano)
A99: País/Inversión | B99: Coste | F99: Coste | G99: FFCC
F100: =B100 -> 0 | G100: No
F101: =B101 -> 0 | G101: No
F102: =B102 -> 0 | G102: No
F103: =B103 -> 0 | G103: No
E104: Total: | F104: =SUM(F100:F103) -> 0
A106: Investigaciones tecnológicas
C107: Inicio | E107: Fin
A108: Tecnología | B108: Coste | C108: % | D108: ¿Invertir? | E108: % | F108: Coste
A109: (AL) Armas Ligeras D | B109: 30 | C109: 0 | D109: No | E109: =IF(D109="Si",(C109+0.2),IF(D109="Continue",(C109)," ")) | F109: =IF(D109="Si",B109,IF(D109="Continue",5,""))
A110: (AM) Ametralladoras D | B110: 30 | C110: 0 | D110: No | E110: =IF(D110="Si",(C110+0.2),IF(D110="Continue",(C110)," ")) | F110: =IF(D110="Si",B110,IF(D110="Continue",5,""))
A111: (AC) Artillería de Campaña D | B111: 30 | C111: 0 | D111: No | E111: =IF(D111="Si",(C111+0.2),IF(D111="Continue",(C111)," ")) | F111: =IF(D111="Si",B111,IF(D111="Continue",5,""))
A112: (AA) Artilería de Asedio D | B112: 30 | C112: 0 | D112: No | E112: =IF(D112="Si",(C112+0.2),IF(D112="Continue",(C112)," ")) | F112: =IF(D112="Si",B112,IF(D112="Continue",5,""))
A113: (Ac) Acorazados C | B113: 30 | C113: 0 | D113: No | E113: =IF(D113="Si",(C113+0.2),IF(D113="Continue",(C113)," ")) | F113: =IF(D113="Si",B113,IF(D113="Continue",5,""))
A114: (Cr) Cruceros D | B114: 30 | C114: 0 | D114: No | E114: =IF(D114="Si",(C114+0.2),IF(D114="Continue",(C114)," ")) | F114: =IF(D114="Si",B114,IF(D114="Continue",5,""))
A115: (BM) Buques Menores D | B115: 30 | C115: 0 | D115: No | E115: =IF(D115="Si",(C115+0.2),IF(D115="Continue",(C115)," ")) | F115: =IF(D115="Si",B115,IF(D115="Continue",5,""))
A116: (Su) Submarinos D | B116: 40 | C116: 0 | D116: No | E116: =IF(D116="Si",(C116+0.2),IF(D116="Continue",(C116)," ")) | F116: =IF(D116="Si",B116,IF(D116="Continue",5,"")) | G116: =IF(D116="Continue","New roll to complete investment at current %"," ")
A117: Sintéticos I | B117: 40 | C117: 0 | D117: No | E117: =IF(D117="Si",(C117+0.2),IF(D117="Continue",(C117)," ")) | F117: =IF(D117="Si",B117,IF(D117="Continue",5,""))
E118: Total | F118: =SUM(F109:F116) -> 0
E119: Balance efectivo | F119: =H64-G88-F104-F118-F95 -> 280.82
A121: Construcción de armamento y unidades militares
A122: IP Disponible | B122: =B62-E95 -> 0 | D122: Efectivo | E122: =F119 -> 280.82
B123: =IF(B122<0,"Not enough HI ava"," ")
...

Sheet Militar
A2: Información Militar
A5: Info Ejército
B6: Inf Reg | C6: Tec | D6: Inf res | E6: Tec | F6: AM | G6: Tec | H6: AC | I6: Tec | J6: AA | K6: Tec | N6: Total Mantenimiento Militar:
A7: Localización | O7: Coste | P7: Fza Lab
A8: Estados del Este | B8: 17 | C8: E | D8: 25 | E8: E | F8: 25 | G8: E | H8: 6 | I8: E | J8: 2 | K8: E | N8: Ejerc | P8: =B37/1000000 -> 9.9
A9: Estados del Este | H9: 3 | I9: F | J9: 2 | K9: F | N9: Marina | O9: =B65 -> 57 | P9: =B66 -> 1.14
A10: Estados del Este | H10: 2 | I10: D | J10: 1 | K10: D
A11: Seattle | B11: 1 | C11: E | N11: Instalaciones | O11: =B99 -> 58
A12: San Fransisco | B12: 1 | C12: E | N12: Total | O12: =SUM(O9:O11) -> 115 | P12: =P8+P9 -> 11.04
A13: Los Angeles | B13: 1 | C13: E
A14: Reservas Indias | B14: 1 | C14: E
A25: Total | B25: =SUM(B8:B24) -> 21 | D25: =SUM(D8:D24) -> 25 | F25: =SUM(F8:F24) -> 25 | H25: =SUM(H8:H24) -> 11 | J25: =SUM(J8:J24) -> 5
A26: En Stock: 2AC-D // 1 AA-D
A28: Eficiencia Militar | B28: Buena | F28: Coste de Entrenamiento Ejército: | G28: =B25+D25+H25+J25 -> 62 | I28: Balance | J28: =Econ!G202 -> 280.82
A29: Cuerpo Voluntarios: | B29: No
A30: Mobilization: | B30: 6 sem | E30: Entrenamiento Ejercito
E31: País | H31: Coste | I31: Notas
B34: Fza Laboral
A35: Regulares | B35: =(B25+H25+J25)*200000 -> 7400000
A36: Reserva | B36: =D25*100000 -> 2500000 | G36: Total | H36: =SUM(H32:H35) -> 0
A37: Total | B37: =SUM(B35:B36) -> 9900000
G39: Costes de mobilización anual
G40: Inf | H40: AC | I40: AA | J40: AM
F41: Guerra Total | G41: 4 | H41: 8 | I41: 16 | J41: 1
F42: Conflicto Transfonterizo | G42: 8 | H42: 16 | I42: 32 | J42: 2
F43: Expediciones coloniales | G43: 16 | H43: 32 | I43: 48 | J43: 4
A47: Info Naval
A48: Localización | B48: Ac | C48: Tec | D48: Cr | E48: Tec | F48: Su | G48: Tec | H48: Destruc | I48: Tec | J48: Cañonera | K48: Tec | L48: Transporte
A50: Atlantico | B50: 10 | C50: E | D50: 18 | E50: E | H50: 32 | I50: E | J50: 4 | K50: E | L50: 4
A51: Pacifico | B51: 5 | C51: E | D51: 10 | E51: E | H51: 20 | I51: E | J51: 2 | K51: E | L51: 1
A52: Lago Ontario | B52: 2 | C52: E | D52: 2 | E52: E | H52: 2 | I52: E | L52: 1
A53: Cairo (Illinois) | J53: 8 | K53: E
A54: A lo largo de 1896 | D54: 2 | E54: E | H54: 8 | I54: E | J54: 4 | K54: E | L54: 2
A59: Total: | B59: =SUM(B50:B58) -> 17 | D59: =SUM(D50:D58) -> 32 | F59: =SUM(F50:F58) -> 0 | H59: =SUM(H50:H58) -> 62 | J59: =SUM(J50:J58) -> 18 | L59: =SUM(L50:L58) -> 8
A63: Eficiencia Militar | B63: Buena | F63: Coste Entrenamiento Naval | G63: =B64*0.5 -> 114
A64: Modulos Navales | B64: =(B59*4)+(D59*2)+(F59*2)+(H59*1)+(J59*1)+(L59*2) -> 228
A65: Mant. Marina | B65: =ROUNDUP((B64/20)*5,0) -> 57 | E65: Entrenamiento Marina
A66: Fza Laboral | B66: =ROUNDUP((B64/20)*0.1,2) -> 1.14 | C66: (million) | E66: Pais | H66: Coste | I66: Notas
G71: Total | H71: =SUM(H67:H70) -> 0
G72: Balance | H72: =J28-H36-H71 -> 280.82
A75: Info Inst Militares
A76: Puertos | B76: Cantidad | C76: Coste | D76: Localización
A77: Metropoli | B77: 8 | D77: Atlantico: Nueva York, Filadelphia, Boston, Baltimore, Annapolis. // Pacífico: San Fransisco, Seattle, Los Angeles
A78: Otros | B78: 2 | C78: =B78 -> 2 | D78: Nuakchot (Mauritania)
D79: Atlantico Sur: Buenos Aires
A86: Astilleros | B86: Cantidad | C86: Coste | D86: Localización
A87: Metropoli | B87: 16 | D87: Atlantico: Nueva York, Filadelphia, Boston, Baltimore, Annapolis // Pacífico: San Fransisco, Seattle, Los Angeles
A88: Otros | C88: =B88 -> 0
A90: Fuertes | B90: Cantidad | C90: Coste | D90: Localización
B91: 14 | C91: =B91*2 -> 28 | D91: Buffalo, Detroit, Mackinac, Sault Ste. Marie (Parte Unionista), International Falls, Port Huron, Ticonderoga, Evansville, Charleston WV., Cumberland, Hagerstown, Springfield, Wichita, Chicago
A94: Fortalezas | B94: Cantidad | C94: Coste | D94: Localización
B95: 7 | C95: =B95*4 -> 28 | D95: San Francisco, Nueva York, Filadelphia, Baltimore, Cairo, Cincinnati, Annapolis
A99: Total: | B99: =C78+C88+C91+C95 -> 58
C102: End Cash | D102: =H72 -> 280.82

Sheet Colonias
B1: Colonias, Mercados e Inversiones Cautivas
B3: Mercados Cautivos
C5: Aportan | K5: Necesitan
C6: Efectivo | D6: Bienes | E6: Comida | F6: Mat Primas | G6: Exóticos | H6: Carbón | I6: Hierro | K6: Bienes | L6: Comida | M6: Mat Primas | N6: Exóticos | O6: Carbón | P6: Hierro
C7: =SUM(C12:C12) -> 10 | D7: =SUM(D11:D12) -> 0 | E7: =SUM(E11:E12) -> 0 | F7: =SUM(F11:F12) -> 1 | G7: =SUM(G11:G12) -> 0 | H7: =SUM(H11:H12) -> 0 | I7: =SUM(I11:I12) -> 0 | K7: =SUM(K11:K12) -> 1 | L7: =SUM(L11:L12) -> 0 | M7: =SUM(M11:M12) -> 0 | N7: =SUM(N11:N12) -> 0 | O7: =SUM(O11:O12) -> 0 | P7: =SUM(P11:P12) -> 0
C9: Dispone | K9: Necesita
C10: Efectivo | D10: Bienes | E10: Comida | F10: Mat Primas | G10: Exóticos | H10: Carbón | I10: Hierro | K10: Bienes | L10: Comida | M10: Mat Primas | N10: Exóticos | O10: Carbón | P10: Hierro
B11: FFCC Shanghai-Peking | F11: 1 | K11: 1
B12: Alaska | C12: 10
B15: Inversiones disponibles
B16: Descripción | C16: Pais | D16: Recurso | E16: Coste | F16: % | G16: FFCC
B17: =_xlfn.CONCAT(D17," en ",C17) -> Industria en Argentina | C17: Argentina | D17: Industria | E17: 90 | F17: 0.33 | G17: No
B18: =_xlfn.CONCAT(D18," en ",C18) -> Mat Primas en Alaska | C18: Alaska | D18: Mat Primas | E18: 80 | F18: 0 | G18: No
B19: =_xlfn.CONCAT(D19," en ",C19) -> Industria en China | C19: China | D19: Industria | E19: 90 | F19: 0 | G19: Si
B20: =_xlfn.CONCAT(D20," en ",C20) -> Carbón en China | C20: China | D20: Carbón | E20: 65 | F20: 0 | G20: Si
B21: =_xlfn.CONCAT(D21," en ",C21) -> Hierro en Utah | C21: Utah | D21: Hierro | E21: 70 | F21: 0 | G21: Si
B22: =_xlfn.CONCAT(D22," en ",C22) -> Carbón en Utah | C22: Utah | D22: Carbón | E22: 60 | F22: 0 | G22: Si

Sheet Ferrocarriles
C1: Total | D1: =SUM(D4:D46) -> 66
A3: Existentes | G3: Disponibles
A4: Proyecto | D4: Ingresa | E4: Año | G4: Proyecto | H4: Coste | I4: Años
A5: Denver-Los Angeles | D5: 16 | E5: 1894 | G5: Expansión Este | H5: 40 | I5: 2
A6: Canal de Panamá | D6: 30 | E6: 1896 | G6: Minneapolis-Seattle | H6: 50 | I6: 1 | J6: 3
A7: Shanghai-Peking | D7: 20 | E7: 1895 | G7: Portland-Denver | H7: 40 | I7: 3
G8: Ferrocarril Argentina | H8: 45 | I8: 2
G9: Ferocarril México | H9: 40 | I9: 1 | J9: 2

Sheet Data
D1: Quality | I1: Land Build Cost | P1: Retool Cost | Q1: Total cost
J2: SA | K2: MG | L2: FA | M2: HA | N2: Count | O2: Retool(s) | T2: Military Installations
B3: Yes/No | D3: A | I3: Line 1 | J3: =IF(Econ!C133>0,(VLOOKUP(Econ!D133,Land_Builds,2)*Econ!C133),0) -> 0 | K3: =IF(Econ!E133>0,(VLOOKUP(Econ!F133,Land_Builds,3)*Econ!E133),0) -> 0 | L3: =IF(Econ!G133>0,(VLOOKUP(Econ!H133,Land_Builds,4)*Econ!G133),0) -> 0 | M3: =IF(Econ!I133>0,(VLOOKUP(Econ!J133,Land_Builds,5)*Econ!I133),0) -> 0 | N3: =COUNTIFS(J3:M3,">0") -> 0 | O3: =IF(N3>0,N3-1,0) -> 0 | P3: =O3*5 -> 0 | Q3: =J3+K3+L3+M3+P3 -> 0
D4: B | I4: Line 2 | J4: =IF(Econ!C134>0,(VLOOKUP(Econ!D134,Land_Builds,2)*Econ!C134),0) -> 0 | K4: =IF(Econ!E134>0,(VLOOKUP(Econ!F134,Land_Builds,3)*Econ!E134),0) -> 0 | L4: =IF(Econ!G134>0,(VLOOKUP(Econ!H134,Land_Builds,4)*Econ!G134),0) -> 0 | M4: =IF(Econ!I134>0,(VLOOKUP(Econ!J134,Land_Builds,5)*Econ!I134),0) -> 0 | N4: =COUNTIFS(J4:M4,">0") -> 0 | O4: =IF(N4>0,N4-1,0) -> 0 | P4: =O4*5 -> 0 | Q4: =J4+K4+L4+M4+P4 -> 0 | T4: Fuerte | U4: 20
B5: No | D5: C | I5: Line 3 | J5: =IF(Econ!C135>0,(VLOOKUP(Econ!D135,Land_Builds,2)*Econ!C135),0) -> 0 | K5: =IF(Econ!E135>0,(VLOOKUP(Econ!F135,Land_Builds,3)*Econ!E135),0) -> 0 | L5: =IF(Econ!G135>0,(VLOOKUP(Econ!H135,Land_Builds,4)*Econ!G135),0) -> 0 | M5: =IF(Econ!I135>0,(VLOOKUP(Econ!J135,Land_Builds,5)*Econ!I135),0) -> 0 | N5: =COUNTIFS(J5:M5,">0") -> 0 | O5: =IF(N5>0,N5-1,0) -> 0 | P5: =O5*5 -> 0 | Q5: =J5+K5+L5+M5+P5 -> 0 | T5: Fortaleza | U5: 30
B6: Si | D6: D | I6: Line 4 | J6: =IF(Econ!C136>0,(VLOOKUP(Econ!D136,Land_Builds,2)*Econ!C136),0) -> 0 | K6: =IF(Econ!E136>0,(VLOOKUP(Econ!F136,Land_Builds,3)*Econ!E136),0) -> 0 | L6: =IF(Econ!G136>0,(VLOOKUP(Econ!H136,Land_Builds,4)*Econ!G136),0) -> 0 | M6: =IF(Econ!I136>0,(VLOOKUP(Econ!J136,Land_Builds,5)*Econ!I136),0) -> 0 | N6: =COUNTIFS(J6:M6,">0") -> 0 | O6: =IF(N6>0,N6-1,0) -> 0 | P6: =O6*5 -> 0 | Q6: =J6+K6+L6+M6+P6 -> 0 | T6: Puerto | U6: 20
D7: E | T7: Astillero | U7: 5
D8: F
B11: Land Builds | J11: Economic System | Q11: Cost to recruit
B12: Quality | C12: SA | D12: MG | E12: FA | F12: HA | K12: Goods | L12: Food | M12: Tropical | N12: Income | P12: Pop: | Q12: =ROUNDUP(Econ!B4,0) -> 49
B13: A | C13: 4 | D13: 4 | E13: 8 | F13: 18 | J13: Boom | K13: 4.5 | L13: 2 | M13: 5 | N13: 13.5 | P13: Divs | Q13: =Militar!B25+Militar!D25+Militar!H25+Militar!J25 -> 62
B14: B | C14: 4 | D14: 4 | E14: 7 | F14: 16 | J14: Fallido | K14: 8 | L14: 3 | M14: 10 | N14: 3.5 | P14: 1.5 | Q14: =Q12*1.5 -> 73.5
B15: C | C15: 3 | D15: 3 | E15: 6 | F15: 14 | J15: Recesión | K15: 7.5 | L15: 2.75 | M15: 10 | N15: 5 | P15: Vol | Q15: =IF(Militar!B29="Yes",5,0) -> 0
B16: D | C16: 3 | D16: 3 | E16: 6 | F16: 12 | J16: Normal | K16: 6 | L16: 2.5 | M16: 7 | N16: 8 | P16: Inf cost | Q16: =IF(Q13>Q14,5,0) -> 0 | R16: =IF(Q13<Q12,-5,0) -> 0 | S16: =IF(Q13>(Q12*2),5,0) -> 0
B17: E | C17: 3 | D17: 3 | E17: 6 | F17: 12 | J17: Próspero | K17: 5.5 | L17: 2.25 | M17: 6 | N17: 9.5 | P17: Reg Troops | Q17: =10+Q15+Q16+R16 -> 10
B18: F | C18: 3 | D18: 3 | E18: 6 | F18: 12 | J18: Estancado | K18: 7 | L18: 2.75 | M18: 9 | N18: 6.5 | P18: Res Troops | Q18: =10+Q15+R16+S16 -> 10
J19: Exitoso | K19: 5 | L19: 2.25 | M19: 5 | N19: 11.5
B21: Naval Builds
B22: Quality | C22: GB | D22: DD | E22: CA | F22: Sub | G22: BB | J22: Fallido | M22: Investment Data
B23: A | C23: 3 | D23: 3 | E23: 6 | F23: 6 | G23: 10 | J23: Recesión
B24: B | C24: 3 | D24: 3 | E24: 5 | F24: 5 | G24: 8 | J24: Estancado | M24: =Econ!A71 -> Industria | O24: =Econ!C71+Econ!E71 -> 0.66 | P24: =IF(Econ!F71<1,1,((O24-1)/Econ!E71)) -> -1.030303 | Q24: =1-P24 -> 2.030303
B25: C | C25: 2 | D25: 2 | E25: 4 | F25: 4 | G25: 7 | J25: Normal | M25: =Econ!A72 -> Industria | O25: =Econ!C72+Econ!E72 -> 0.33 | P25: =IF(Econ!F72<1,1,((O25-1)/Econ!E72)) -> -2.030303 | Q25: =1-P25 -> 3.030303
B26: D | C26: 2 | D26: 2 | E26: 4 | F26: 4 | G26: 6 | J26: Próspero | M26: =Econ!A80 -> Hierro | O26: =Econ!C80+Econ!E80 -> 0.33 | P26: =IF(Econ!F80<1,1,((O26-1)/Econ!E80)) -> -2.030303 | Q26: =1-P26 -> 3.030303
B27: E | C27: 2 | D27: 2 | E27: 4 | F27: 4 | G27: 6 | J27: Exitoso | M27: =Econ!A81 -> Hierro | O27: =Econ!C81+Econ!E81 -> 0.33 | P27: =IF(Econ!F81<1,1,((O27-1)/Econ!E81)) -> -2.030303 | Q27: =1-P27 -> 3.030303
B28: F | C28: 2 | D28: 2 | E28: 4 | F28: 4 | G28: 6 | J28: Boom | M28: =Econ!A82 -> Mat Primas | O28: =Econ!C82+Econ!E82 -> 0.33 | P28: =IF(Econ!F82<1,1,((O28-1)/Econ!E82)) -> -2.030303 | Q28: =1-P28 -> 3.030303
B30: Ship Types
C31: Ship Size | D31: TTC | E31: A | F31: B | G31: C | H31: D | I31: E | J31: F | M31: A | N31: 0.15 | Q31: No
B32: Acorazado | C32: 4 | D32: 4 | E32: 10 | F32: 8 | G32: 7 | H32: 6 | I32: 6 | J32: 6 | M32: B | N32: 0.2 | Q32: Si
B33: Crucero | C33: 2 | D33: 2 | E33: 6 | F33: 5 | G33: 4 | H33: 4 | I33: 4 | J33: 4 | M33: C | N33: 0.25
B34: Destructor | C34: 1 | D34: 1 | E34: 3 | F34: 3 | G34: 2 | H34: 2 | I34: 2 | J34: 2 | M34: D | N34: 0.3
B35: Cañonera | C35: 1 | D35: 1 | E35: 3 | F35: 3 | G35: 2 | H35: 2 | I35: 2 | J35: 2 | M35: E | N35: 0.35
B36: Submarino | C36: 2 | D36: 2 | E36: 6 | F36: 5 | G36: 4 | H36: 4 | I36: 4 | J36: 4 | M36: F | N36: 0.4
B37: Transporte | C37: 2 | D37: 2 | E37: 4 | F37: 4 | G37: 4 | H37: 4 | I37: 4 | J37: 4
D39: Line
B40: A | C40: 4 | D40: 1 | E40: =VLOOKUP(Econ!E151,ShipQlookup,2) -> #N/A
B41: B | C41: 5 | D41: 2 | E41: =VLOOKUP(Econ!E152,ShipQlookup,2) -> #N/A
B42: C | C42: 6 | D42: 3 | E42: =VLOOKUP(Econ!E152,ShipQlookup,2) -> #N/A
B43: D | C43: 7 | D43: 4 | E43: =VLOOKUP(Econ!E153,ShipQlookup,2) -> #N/A
B44: E | C44: 8 | D44: 5 | E44: =VLOOKUP(Econ!E154,ShipQlookup,2) -> #N/A
B45: F | C45: 9 | D45: 6 | E45: =VLOOKUP(Econ!E155,ShipQlookup,2) -> #N/A
D46: 7 | E46: =VLOOKUP(Econ!E156,ShipQlookup,2) -> #N/A
